 Dungeon Crawl Stone Soup version 0.30.1-1-g62c8e00024 (webtiles) character file.

Game seed: 8165405048907186985

89 shmup the Firebug (level 4, -4/24 HPs)
             Began as a Tengu Fire Elementalist on July 14, 2023.
             Slain by a gnoll
             ... wielding a +0 club
              (6 damage)
             ... on level 4 of the Dungeon.
             The game lasted 00:02:40 (1309 turns).

shmup the Firebug (Tengu Fire Elementalist)         Turns: 1309, Time: 00:02:41

Health: -4/24      AC:  2    Str:  8    XL:     4   Next: 55%
Magic:  3/8        EV: 12    Int: 18    God:
Gold:   57         SH:  0    Dex: 14    Spells: 6/7 levels left

rFire   . . .        (no weapon)
rCold   . . .        (no shield)
rNeg    . . .        a - +0 robe
rPois   .            (helmet restricted)
rElec   .            (no cloak)
rCorr   .            (no gloves)
SInv    .            (boots unavailable)
Will    .....        (no amulet)
Stlth   ++           (no ring)
HPRegen 0.24/turn    (no ring)
MPRegen 0.11/turn

%: no passive effects
@: no status effects
A: beak, talons 3
a: no special abilities


You were on level 4 of the Dungeon.
You visited 1 branch of the dungeon, and saw 3 of its levels.

You collected 57 gold pieces.

Inventory:

Missiles
 f - 10 stones (quivered)
Armour
 a - a +0 robe (worn)
Wands
 g - a wand of flame (24)
Potions
 b - a potion of magic
 c - a potion of degeneration {unknown}
 d - 2 potions of invisibility {unknown}
 e - a potion of curing {unknown}


   Skills:
 + Level 2.8 Dodging
 + Level 2.7 Stealth
 + Level 2.4 Spellcasting
 + Level 2.4 Conjurations
 * Level 4.2 Fire Magic


You had 6 spell levels left.
You knew the following spells:

 Your Spells              Type           Power      Damage    Failure   Level
a - Foxfire               Conj/Fire      56%        2x1d6     4%          1

Your spell library contained the following spells:

 Spells                   Type           Power      Damage    Failure   Level
 Scorch                   Fire           34%        2d6       4%          2
 Inner Flame              Hex/Fire       9%         N/A       22%         3
 Volatile Blastmotes      Fire/Tloc      18%        2d11      22%         3
 Cigotuvi's Dreadful Rot  Necr/Pois/Air  4%         N/A       26%         2
 Ignite Poison            Fire/Tmut/Pois 7%         N/A       28%         3
 Flame Wave               Conj/Fire      14%        2d6       41%         4
 Freezing Cloud           Conj/Ice/Air   2%         6-21      98%         5


Dungeon Overview and Level Annotations

Branches:
Dungeon (2/15)

Altars:


Innate Abilities, Weirdness & Mutations

You have a beak for a mouth.
You have claws for feet.


Message History

You kill the gnoll!
You struggle against the net.
Casting: Foxfire (safe; 4% risk of failure)
Confirm with . or Enter, or press ? or * to list all spells.
You conjure some foxfire!
The foxfire hits the gnoll.
The gnoll is lightly wounded.
The foxfire hits the gnoll but does no damage.
The gnoll is lightly wounded.
Casting: Foxfire (safe; 4% risk of failure)
Confirm with . or Enter, or press ? or * to list all spells.
You conjure some foxfire!
The gnoll hits you with a +0 club.
The foxfire hits the gnoll.
The gnoll is moderately wounded.
The foxfire hits the gnoll but does no damage.
The gnoll is moderately wounded.
The gnoll hits you but does no damage.
You struggle against the net.
The gnoll closely misses you. The gnoll hits you with a +0 club.
Casting: Foxfire (safe; 4% risk of failure)
Confirm with . or Enter, or press ? or * to list all spells.
You conjure some foxfire!
The gnoll hits you with a +0 club.
* * * LOW HITPOINT WARNING * * *
The gnoll hits you but does no damage.
The foxfire hits the gnoll but does no damage.
The foxfire hits the gnoll.
The gnoll is moderately wounded.
The gnoll hits you with a +0 club!
* * * LOW HITPOINT WARNING * * *
The gnoll hits you with a +0 flail.
* * * LOW HITPOINT WARNING * * *
You tear a large gash into the net.
The gnoll completely misses you. The gnoll hits you with a +0 club.
* * * LOW HITPOINT WARNING * * *
Unknown command.
You rip the net and break free!
The gnoll barely misses you. The gnoll closely misses you.
The gnoll attacks as you move away! The gnoll closely misses you.
The gnoll attacks as you move away! The gnoll hits you with a +0 club.
You die...

........▒............▒
.......>'............▒
........▒............+
........▒...▒▒▒▒▒▒+▒▒▒
........▒...▒▒.▒▒
........▒.........
▒+▒▒▒........▒.g.......
▒▒▒...▒........▒g........
......▒........▒Q........
......▒........▒.........
....^▒........▒.........
.▒▒...▒........▒.........
.▒▒...▒........▒▒▒▒▒▒▒▒▒
.▒....'...............
.▒....▒...............
.+....▒...............
.▒▒...▒...............


You could see 2 gnolls.

Vanquished Creatures
  A howler monkey (D:4)
  2 gnolls (D:4)
  An adder (D:2)
  An endoplasm (D:1)
  2 giant cockroaches (D:1)
  3 goblins
  3 jackals (D:4)
  A quokka (D:1)
  A ball python (D:1)
  4 bats
  2 frilled lizards (D:2)
  A rat (D:1)
22 creatures vanquished.

Vanquished Creatures (others)
  65 foxfires
65 creatures vanquished.

Grand Total: 87 creatures vanquished

Notes
Turn   | Place    | Note
-------+----------+-------------------------------------------
     0 | D:1      | shmup the Tengu Fire Elementalist began the quest for the
                  | Orb.
     0 | D:1      | Reached XP level 1. HP: 10/10 MP: 4/4
   527 | D:1      | Reached XP level 2. HP: 15/15 MP: 3/6
  1071 | D:2      | Reached XP level 3. HP: 19/19 MP: 3/7
  1120 | D:2      | You fall into a shaft and drop 2 floors!
  1198 | D:4      | Reached skill level 4 in Fire Magic
  1198 | D:4      | Reached XP level 4. HP: 24/24 MP: 3/8
  1300 | D:4      | HP: 1/24 [gnoll/+0 flail (4)]
  1309 | D:4      | Slain by a gnoll

Illustrated notes

Levels and vault maps discovered:
D:1:      dpeg_arrival_another_circle, layout_basic
D:2:      layout_basic, nicolae_ecumenical_lake_church, st_stairs_7,
          grunt_decor_fettered, uniq_jessica, uniq_robin
D:4:      layout_gridville, portal_sewer_entry_e, hangedman_decor_growths

Skill      XL: |  1  2  3 |
---------------+----------+-----
Conjurations   | 2 |  2.4
Fire Magic     | 4 |  4.2
Dodging        | |  2.8
Stealth        | |  2.7
Spellcasting   | |  2.4

Action                     |  1- 3 |  4- 6 || total
---------------------------+-------+-------++-------
  Melee: Unarmed           |     3 |       ||     3
         Peck              |     1 |       ||     1
   Cast: Foxfire           |    29 |     8 ||    37
 Armour: Robe              |       |     2 ||     2
  Dodge: Dodged            |     8 |     7 ||    15
